 Dungeon Crawl Stone Soup version 0.16.1-2-g95b8d4c (webtiles) character file.

102261 inmateoo the Ripper (level 15, -12/100 HPs)
             Began as a Felid Necromancer on Mar 25, 2015.
             Was the Champion of Makhleb.
             Mangled by a six-headed hydra (18 damage)
             ... on level 5 of the Swamp.
             The game lasted 02:24:25 (41053 turns).

inmateoo the Ripper (Felid Necromancer)            Turns: 41053, Time: 02:24:26

Health: -12/100    AC: 12    Str: 11      XL:     15   Next: 48%
Magic:  22/36      EV: 18    Int: 18 (19) God:    Makhleb [******]
Gold:   1932       SH:  0    Dex: 22      Spells: 8 memorised, 3 levels left
                                        Lives:  0   Deaths: 4

rFire  . . .     SeeInvis +       - Unarmed
rCold  . . .     Clarity  .     (armour unavailable)
rNeg   . . .     SustAb   .     (shield unavailable)
rPois  +         Gourm    .     (helmet unavailable)
rElec  .         Spirit   .     (cloak unavailable)
rCorr  .         Warding  .     (gloves unavailable)
rMut   .         Stasis   .     (boots unavailable)
MR     +++..                    p - amulet of regeneration
Stlth  ++++......               X - +4 ring of protection
                                l - ring of protection from magic (curse)

@: hydra-form, very slightly contaminated, regenerating, hasted, deflect
missiles, very quick, extremely resistant to hostile enchantments, stealthy
A: paw claws, no armour, no weapons or thrown items, (fangs 0), (horns 0),
rugged brown scales 1, see invisible, blink 1, carnivore 3, (speed 0), robust 1,
(shaggy fur 0), slow metabolism 1, (sharp paws)
a: End Transformation, Blink, Minor Destruction, Lesser Servant of Makhleb,
Major Destruction, Greater Servant of Makhleb, Renounce Religion
}: 1/15 runes: gossamer


You were on level 5 of the Swamp.
You worshipped Makhleb.
Makhleb was exalted by your worship.
You were very full.
You were a 5-headed hydra.
You visited 7 branches of the dungeon, and saw 40 of its levels.
You also visited: Labyrinth, Ice Cave and Volcano.

You collected 4368 gold pieces.
You spent 1672 gold pieces at shops.

Inventory:

Jewellery
 l - a cursed ring of protection from magic (left foreclaw)
 m - an uncursed amulet of resist mutation
 p - an amulet of regeneration (around neck)
 t - an uncursed amulet of resist corrosion
 y - an uncursed ring of sustain abilities
 J - an uncursed ring of protection from magic
 W - an uncursed ring of teleport control
 X - a +4 ring of protection (right foreclaw)
 Y - an uncursed ring of wizardry
Magical devices
 h - a wand of paralysis (12)
 i - a wand of disintegration (15)
 n - a wand of disintegration (0)
 r - a wand of enslavement (6)
 B - a wand of digging (6)
 F - a wand of draining (0)
 H - a wand of heal wounds (3)
 K - a wand of disintegration (7)
 L - a wand of teleportation (4)
 M - a wand of lightning (7)
 N - a wand of hasting (3)
 O - a wand of paralysis (7)
 P - a wand of invisibility (3)
 T - a wand of draining (9)
 V - a wand of heal wounds (1)
Scrolls
 f - 6 scrolls of identify
 k - 22 scrolls of remove curse
 z - 7 scrolls of magic mapping
 C - 3 scrolls of summoning
 D - a scroll of holy word
 E - 5 scrolls of teleportation
 G - 2 scrolls of silence
 I - a scroll of amnesia
 Q - 5 scrolls of fear
 R - 4 scrolls of fog
Potions
 b - 5 potions of magic
 d - 5 potions of brilliance
 e - 4 potions of curing
 g - 7 potions of might
 j - 2 potions of heal wounds
 q - 5 potions of agility
 s - 5 potions of haste
 u - 5 potions of flight
 w - 2 potions of cancellation
 A - 3 potions of restore abilities
 Z - 5 potions of resistance
Books
 S - a book of Ice

   Spells                             Type                      Level
   a - Ice Form                       Ice/Transmutation            4
   b - Metabolic Englaciation         Hexes/Ice                    5
   c - Ozocubu's Refrigeration        Ice                          6
   d - Bolt of Cold                   Conjuration/Ice              6
   e - Freezing Cloud                 Conjuration/Ice/Air          6
   f - Simulacrum                     Ice/Necromancy               6
 U - a book of Transfigurations

   Spells                             Type                      Level
   a - Stoneskin                      Transmutation/Earth          2
   b - Irradiate                      Conjuration/Transmutation    5
   c - Statue Form                    Transmutation/Earth          6
   d - Hydra Form                     Transmutation                6
   e - Dragon Form                    Transmutation                7
Miscellaneous
 v - a lamp of fire
Comestibles
 a - 9 royal jellies
 c - 15 meat rations
 x - 6 beef jerkies


   Skills:
 + Level 10.2 Fighting
 + Level 12.2 Dodging
 - Level 14.0 Stealth
 + Level 15.2 Unarmed Combat
 + Level 11.7 Spellcasting
 - Level 11.3 Charms
 - Level 6.0 Necromancy
 * Level 14.3 Transmutations
 - Level 8.0 Air Magic
 + Level 1.4 Earth Magic
 - Level 5.0 Invocations
 - Level 10.0 Evocations


You had 3 spell levels left.
You knew the following spells:

 Your Spells              Type           Power        Failure   Level  Hunger
a - Hydra Form            Trmt           ######....   3%          6    ######.
b - Regeneration          Chrm/Necr      #####.....   1%          3    None
c - Haste                 Chrm           ######..     12%         6    ######.
d - Deflect Missiles      Chrm/Air       #####.....   21%         6    ######.
e - Shroud of Golubria    Chrm/Tloc      ####......   1%          2    None
f - Song of Slaying       Chrm           ######..     1%          2    None
g - Stoneskin             Trmt/Erth      #####...     1%          2    None
h - Dragon Form           Trmt           ######....   17%         7    #######


Dungeon Overview and Level Annotations

Branches:
Dungeon (15/15)            Temple (1/1) D:4            Lair (8/8) D:9
  Swamp (5/5) Lair:3       Spider (5/5) Lair:4        Slime (0/6) Lair:6
    Orc (4/4) D:11            Elf (0/3) Orc:3        Vaults (2/5) D:13
 Depths (0/5) D:15
  Crypt: Vaults:2-3

Altars:
Ashenzari
Cheibriados
Dithmenos
Elyvilon
Fedhas
Gozag
Kikubaaqudgha
Makhleb
Nemelex Xobeh
Okawaru
Qazlal
Ru
Sif Muna
Trog
Vehumet
Xom
Yredelemnul
Zin
The Shining One
Beogh

Shops:
D:4 !   D:15 =   Orc:2 }   Orc:4 =*[(   Vaults:1 %

Annotations:
D:3 Grinder; Zugr's ghost, average SpEn


Innate Abilities, Weirdness & Mutations

You cannot wear armour.
You are incapable of wielding weapons or throwing items.
((You have razor-sharp teeth.))
You have supernaturally acute eyesight.
You are carnivorous and can eat meat at any time.
((You cover ground quickly.))
((Your thick and shaggy fur keeps you warm (AC +3, rC+).))
You have a slow metabolism.
((Your paws have sharp claws that are effective at stabbing.))
((You have a pair of horns on your head.))
(You are partially covered in rugged brown scales (AC +1, +3% HP).)
You can translocate small distances at will.
You are robust (+10% HP).


Message History

* * * LOW HITPOINT WARNING * * *
The six-headed hydra bites you!
* * * LOW HITPOINT WARNING * * *
The six-headed hydra barely misses you.
Unknown command.
Unknown command.
You barely miss the six-headed hydra.
The six-headed hydra is heavily wounded.
Unknown command.
Unknown command.
You nip at the six-headed hydra!
The six-headed hydra is severely wounded.
The six-headed hydra is engulfed in freezing vapours.
The six-headed hydra seems to slow down.
The six-headed hydra bites you.
* * * LOW HITPOINT WARNING * * *
The six-headed hydra bites you but does no damage.
The six-headed hydra closely misses you.
The six-headed hydra bites you!!
You die...

≈≈**≈≈..≈.....≈≈≈≈♣♣ **,,*
,≈≈,≈,.....≈♣.(Z≈≈≈♣ *,,*
*≈≈≈≈≈≈≈≈≈.≈.≈..Z≈♣* **,,*
**≈≈*(≈≈≈≈≈..D.Z≈♣♣ *,,,*
*****♣...≈.w.♣♣♣♣♣♣♣♣**,,**
******♣♣.≈.≈..♣♣ ♣♣≈≈♣*,,***
≈**≈,≈*♣.≈≈....♣♣♣≈≈≈♣**,,,*
,≈≈≈≈≈*♣♣≈≈≈.)≈D♣≈≈≈♣***,,**
,,≈≈≈≈**♣≈≈≈..≈♣D.≈≈♣♣*,,**
*≈≈≈≈≈,*♣≈≈≈≈♣♣♣♣..≈≈♣**,,*
**≈,≈≈≈≈♣≈≈≈≈≈* ♣♣..♣♣ *,,*
***≈≈≈≈♣♣≈≈♣**♣♣≈≈.≈# *,,#
*.≈***♣♣♣* ♣♣≈≈.≈♣#♣*.W**
♣♣.≈,* ♣♣♣♣ ♣≈≈≈.≈≈.#.#..#
♣♣≈♣♣♣♣♣♣..♣♣♣♣≈≈≈.§§W§§#**
♣♣.≈§≈♣♣..♣♣.....≈≈.≈#.#§§.#
♣≈.≈....♣♣..♣♣.....≈≈##§#W**


You could see a six-headed hydra and a swamp worm.

Vanquished Creatures
  Mara (Swamp:4)
  Kirke (D:14)
  A storm dragon (Vaults:1)
  4 ghost moths (Spider:5)
  3 vault wardens (Vaults:1)
  6 emperor scorpions
  4 ironheart preservers (Vaults:1)
  An orc warlord (Orc:4)
  A white draconian (IceCv)
  2 fire dragons
  2 great orbs of eyes (Vaults:1)
  A minotaur (Lab)
  A yaktaur captain (Vaults:1)
  2 ice dragons
  Harold (D:14)
  Erica (D:13)
  A catoblepas (D:15)
  4 hydras
  9 centaur warriors
  3 ogre magi
  2 alligators
  3 death yaks (Lair:8)
  3 orc high priests (Orc:4)
  Urug (D:10)
  4 spriggans
  Nergalle (Lair:1)
  2 unseen horrors (D:10)
  A deep elf knight (Vaults:2)
  A flayed ghost (Vaults:1)
  4 spriggan druids
  A wizard (D:14)
  3 hill giants
  An ice statue (IceCv)
  A shambling mangrove (Swamp:4)
  4 ironbrand convokers
  9 orc knights
  21 wolf spiders
  20 orb spiders
  A necromancer (Vaults:1)
  2 hornets
  2 griffons (Lair:8)
  A manticore (D:15)
  4 cyclopes
  5 orc sorcerers
  5 ugly things
  A centaur zombie (D:15)
  4 vault sentinels (Vaults:1)
  Maurice (D:7)
  A moth of wrath (Spider:5)
  2 torpor snails
  An octopode (shapeshifter) (D:15)
  2 molten gargoyles (Volcano)
  3 spiny frogs
  A komodo dragon (shapeshifter) (Vaults:1)
  2 black mambas
  An efreet (D:15)
  The ghost of inmateoo the Chiller, an experienced HuIE of Vehumet (D:5)
  A yaktaur (shapeshifter) (D:15)
  4 freezing wraiths
  4 komodo dragons
  9 demonic crawlers
  9 yaktaurs
  2 fire drakes
  21 polar bears
  33 jumping spiders
  5 trolls
  A boulder beetle (Vaults:2)
  7 two-headed ogres
  12 slime creatures
  3 giant leeches
  5 basilisks
  A blink frog (shapeshifter) (Vaults:1)
  7 blink frogs
  2 bog bodies
  A raiju (Lair:8)
  7 ravens
  A baby alligator (Swamp:3)
  21 trapdoor spiders
  A deep elf mage (D:13)
  4 wraiths
  48 yaks
  41 redbacks
  18 tarantellas
  2 wyverns
  3 humans
  3 shadows (Lab)
  6 hungry ghosts
  Grum (D:9)
  27 vampire mosquitoes
  A warg (Lair:8)
  2 steam dragons
  9 swamp worms
  2 swamp worm simulacra (Swamp:5)
  A deep elf fighter (D:14)
  5 insubstantial wisps
  6 hippogriffs
  Menkaure (D:7)
  A hydra simulacrum (Swamp:5)
  5 mottled dragons
  4 swamp drakes
  13 water moccasins
  28 wolves
  5 ice beasts
  36 spiders
  6 porcupines
  29 orc warriors
  A necrophage (D:8)
  5 black bears
  2 sky beasts
  11 ogres
  2 boring beetles
  A phantom (D:9)
  5 wasps
  10 crocodiles
  19 centaurs
  Sigmund (D:4)
  2 big kobolds
  11 giant frogs
  A wyvern zombie (D:14)
  A gnoll sergeant (D:10)
  3 wyvern skeletons
  6 scorpions
  3 troll zombies (D:11)
  18 wights
  3 electric eels
  5 killer bees (D:11)
  8 crimson imps
  32 orc priests
  3 goliath beetles
  2 giant frog zombies
  4 human zombies (D:9)
  7 jellies
  2 quasits (D:9)
  A lava snake (Volcano)
  14 hounds
  Crazy Yiuf (D:2)
  4 centaur skeletons
  A giant frog skeleton (D:12)
  A spectral swamp drake (Swamp:2)
  11 iguanas
  7 worker ants
  34 orc wizards
  4 human skeletons (D:9)
  A polar bear simulacrum (Lair:4)
  7 sheep
  6 ogre zombies
  A wolf simulacrum (Lair:4)
  2 yak simulacra (Lair:4)
  Jessica (D:2)
  A hound skeleton (D:10)
  2 worker ant zombies
  19 adders
  9 gnolls
  42 river rats
  4 shadow imps
  13 white imps
  A giant mite (D:7)
  A swamp drake simulacrum (Swamp:5)
  An adder skeleton (D:5)
  2 adder zombies
  9 giant geckos
  3 oozes
  160 orcs
  2 ball pythons
  3 bat skeletons
  4 giant cockroaches
  14 goblins
  23 hobgoblins
  18 kobolds
  8 quokkas
  3 bats
  4 giant newts
  A giant spore (D:9)
  A goblin skeleton (D:11)
  6 goblin zombies (D:11)
  2 hobgoblin skeletons (D:11)
  4 hobgoblin zombies (D:11)
  11 jackals
  An orc skeleton (D:11)
  22 orc zombies
  A quokka skeleton (D:6)
  A quokka zombie (D:5)
  7 rats
  2 river rat simulacra (Lair:4)
  3 ballistomycetes (D:9)
  A fungus (Lair:1)
  A plant (Lair:8)
1309 creatures vanquished.

Vanquished Creatures (collateral kills)
  2 thorn hunters (Swamp:4)
  Frances (D:15)
  Maud (D:14)
  A fire dragon (Lair:8)
  The ghost of SKei0 the Fighter, a powerful GrBe of Trog (Lair:4)
  A hydra (Lair:5)
  Nessos (D:13)
  2 ghost crabs
  2 centaur warriors (D:15)
  6 alligators
  6 death yaks (Lair:8)
  A spriggan druid (Swamp:4)
  2 swamp dragons (Swamp:4)
  2 hill giants
  A shambling mangrove (Swamp:3)
  An orc knight (D:15)
  A necromancer (Lair:4)
  8 ugly things (D:15)
  2 gargoyles
  7 spiny frogs
  A kobold demonologist (D:14)
  2 komodo dragons
  2 black mambas
  3 trolls
  A trapdoor spider zombie (D:12)
  4 slime creatures
  6 giant leeches
  5 polar bears (Lair:8)
  3 two-headed ogres
  5 baby alligators (Swamp:3)
  A jumping spider (Spider:1)
  10 ravens
  A bog body (Swamp:2)
  2 blink frogs (Lair:6)
  A raiju (Lair:8)
  9 spriggans
  A basilisk (Lair:5)
  A redback (Lair:4)
  2 deep elf magi (D:15)
  11 yaks
  A human (D:14)
  9 vampire mosquitoes
  6 wargs (Lair:8)
  2 hungry ghosts
  A mottled dragon (D:15)
  8 wolves
  14 swamp worms
  2 hippogriffs
  6 water moccasins
  6 insubstantial wisps
  3 hell hounds (Lair:8)
  2 porcupines
  9 black bears
  2 spiders
  4 ogres
  8 swamp drakes
  6 wasps
  9 orc warriors
  An ice beast (D:13)
  A phantom (Swamp:4)
  12 centaurs
  7 crocodiles
  5 giant frogs
  2 electric eels (Lair:5)
  A crimson imp (D:15)
  2 iguanas
  9 orc wizards
  6 hounds
  A worker ant (D:13)
  2 jellies
  6 orc priests
  2 yak simulacra (Lair:4)
  A polar bear simulacrum (Lair:4)
  3 adders
  20 river rats
  56 orcs
  2 goblins
  2 hobgoblins
  2 jackals (Lair:8)
  2 river rat simulacra (Lair:4)
  2 ballistomycetes (D:9)
  2 plants
367 creatures vanquished.

Vanquished Creatures (others)
  A balrug (Swamp:4)
  2 merfolk impalers (Swamp:4)
  An alligator (Swamp:2)
  An orb spider (Spider:2)
  2 fire elementals
  A polar bear (IceCv)
  A raven (Swamp:4)
  A naga (D:9)
  A yak (IceCv)
  A vampire mosquito (Swamp:5)
  A human (D:14)
  5 wolves (IceCv)
  2 centaurs (D:13)
  A plant (Lair:8)
21 creatures vanquished.

Grand Total: 1697 creatures vanquished

Notes
Turn   | Place    | Note
--------------------------------------------------------------
     0 | D:1      | inmateoo, the Felid Necromancer, began the quest for the Orb.
     0 | D:1      | Reached XP level 1. HP: 7/7 MP: 4/4
   679 | D:1      | Reached XP level 2. HP: 7/12 MP: 5/5
   680 | D:1      | Found a shimmering altar of Xom.
  1321 | D:2      | Reached skill level 1 in Unarmed Combat
  1407 | D:2      | Noticed Crazy Yiuf
  1569 | D:2      | Killed Crazy Yiuf
  1569 | D:2      | Reached skill level 1 in Fighting
  1569 | D:2      | Reached XP level 3. HP: 5/15 MP: 0/8
  1974 | D:2      | Noticed Jessica
  1982 | D:2      | Killed Jessica
  2104 | D:3      | Reached XP level 4. HP: 17/19 MP: 11/11
  2231 | D:3      | Noticed Grinder
  2260 | D:3      | Learned a level 3 spell: Regeneration
  2275 | D:3      | Found a white marble altar of Elyvilon.
  2494 | D:3      | Noticed Zugr's ghost (average SpEn)
  3143 | D:4      | Found an iron altar of Okawaru.
  3183 | D:4      | Found Cuaza's Distillery.
  3194 | D:4      | Bought a potion of mutation for 27 gold pieces
  3195 | D:4      | Gained mutation: Your muscles are strong. (Str +2) [potion of mutation]
  3195 | D:4      | Gained mutation: You have a pair of small horns on your head. [potion of mutation]
  3195 | D:4      | Gained mutation: You are partially covered in rugged brown scales (AC +1, +3% HP). [potion of mutation]
  3289 | D:4      | Reached XP level 5. HP: 22/22 MP: 6/12
  3654 | D:4      | Noticed Sigmund
  3710 | D:4      | Found a radiant altar of Vehumet.
  3844 | D:5      | Entered Level 5 of the Dungeon
  4023 | D:5      | Noticed inmateoo's ghost (experienced HuIE)
  4205 | D:5      | Gained mutation: You are covered in thick fur (AC +2). [growing up]
  4205 | D:5      | Reached XP level 6. HP: 19/25 MP: 5/15
  4210 | D:5      | Found a snail-covered altar of Cheibriados.
  4466 | D:5      | Noticed an ogre
  4474 | D:5      | Killed an ogre
  4474 | D:5      | Reached skill level 5 in Stealth
  4521 | D:5      | Reached skill level 1 in Charms
  4998 | D:6      | Reached XP level 7. HP: 30/30 MP: 5/17
  5035 | D:6      | Reached skill level 5 in Unarmed Combat
  5063 | D:6      | Reached skill level 6 in Stealth
  5065 | D:6      | Found a glowing silver altar of Zin.
  5343 | D:6      | Gained mutation: You are robust (+10% HP). [potion of mutation]
  5343 | D:6      | Gained mutation: You have a pair of horns on your head. [potion of mutation]
  5544 | D:6      | You fall through a shaft for 3 floors!
  5545 | D:9      | Noticed a troll
  5648 | D:8      | Reached skill level 1 in Evocations
  5711 | D:7      | Reached skill level 5 in Dodging
  5711 | D:7      | Reached XP level 8. HP: 29/38 MP: 10/18
  5753 | D:7      | Found a shimmering altar of Xom.
  5753 | D:7      | Found a shattered altar of Ashenzari.
  5754 | D:7      | Found a sparkling altar of Nemelex Xobeh.
  5883 | D:7      | Noticed Menkaure
  5926 | D:7      | Reached skill level 7 in Stealth
  6062 | D:7      | Learned a level 6 spell: Haste
  6077 | D:7      | Noticed a human
  6077 | D:7      | Noticed a yak
  6105 | D:7      | Killed a human
  6151 | D:7      | Killed a yak
  6222 | D:7      | Found a deep blue altar of Sif Muna.
  6506 | D:7      | Killed Menkaure
  6506 | D:7      | Reached XP level 9. HP: 42/44 MP: 18/21
  6575 | D:8      | Noticed Maurice
  6610 | D:7      | Killed Maurice
  6703 | D:8      | Reached skill level 8 in Stealth
  6839 | D:8      | Noticed a wyvern
  6846 | D:8      | Killed a wyvern
  7669 | D:8      | Found a blossoming altar of Fedhas.
  8021 | D:5      | Killed inmateoo's ghost
  8069 | D:4      | Found a staircase to the Ecumenical Temple.
  8126 | D:4      | Killed Sigmund
  8126 | D:4      | Reached skill level 5 in Evocations
  8195 | Temple   | Entered the Ecumenical Temple
  8245 | Temple   | Became a worshipper of Makhleb the Destroyer
  8347 | D:9      | Reached XP level 10. HP: 41/48 MP: 24/24
  8383 | D:9      | Noticed a wraith
  8385 | D:9      | Killed a wraith
  8385 | D:9      | Reached skill level 5 in Charms
  8387 | D:9      | Noticed a wraith
  8401 | D:9      | Killed a wraith
  8422 | D:9      | Found an ancient bone altar of Kikubaaqudgha.
  8476 | D:9      | Reached skill level 5 in Fighting
  8523 | D:9      | Noticed a komodo dragon
  8524 | D:9      | Found a staircase to the Lair.
  8584 | D:9      | Killed a komodo dragon
  8668 | D:9      | Found a glowing golden altar of the Shining One.
  8670 | D:9      | Noticed Grum
  8734 | D:10     | Entered Level 10 of the Dungeon
  8802 | D:10     | Noticed Urug
  8845 | D:10     | Acquired Makhleb's first power
  8911 | D:10     | Reached skill level 9 in Stealth
  8962 | D:10     | Slain by Urug
  8963 | D:10     | Reached XP level 9. HP: -3/45 MP: 22/23
  9023 | D:9      | Learned a level 6 spell: Deflect Missiles
  9041 | D:9      | Found an opulent altar of Gozag.
  9041 | D:9      | Found a bloodstained altar of Trog.
  9120 | D:9      | Reached skill level 5 in Spellcasting
  9263 | D:9      | Learned a level 2 spell: Shroud of Golubria
  9272 | D:9      | Hired Lixulili the naga for 160 gold.
  9392 | D:9      | Your ally Lixulili died
  9400 | D:9      | Killed Grum
  9408 | D:9      | Reached skill level 1 in Air Magic
  9501 | D:9      | Reached XP level 10. HP: 49/49 MP: 25/25
  9608 | D:10     | Noticed a hill giant
  9647 | D:10     | Acquired Makhleb's second power
  9742 | D:10     | Killed a hill giant
  9848 | D:10     | Noticed an unseen horror
  9863 | D:10     | Killed an unseen horror
 10083 | D:10     | Found a runed door.
 10239 | D:10     | Noticed an unseen horror
 10249 | D:10     | Killed an unseen horror
 10249 | D:10     | Reached skill level 5 in Necromancy
 10426 | D:11     | Acquired Makhleb's third power
 10468 | D:11     | Noticed a centaur warrior
 10491 | D:11     | Killed a centaur warrior
 10491 | D:11     | Reached XP level 11. HP: 54/54 MP: 23/27
 10535 | D:11     | Reached skill level 10 in Stealth
 10659 | D:11     | Found a staircase to the Orcish Mines.
 10702 | D:11     | Acquired Makhleb's fourth power
 10778 | D:11     | Learned a level 2 spell: Song of Slaying
 11110 | D:11     | Acquired Makhleb's fifth power
 11307 | D:10     | Noticed a hill giant
 11328 | D:10     | Killed a hill giant
 11431 | D:10     | Killed Urug
 11666 | D:12     | Noticed an eight-headed hydra
 11667 | D:12     | Killed an eight-headed hydra
 11675 | D:12     | Noticed a centaur warrior
 12012 | Lair:1   | Entered Level 1 of the Lair of Beasts
 12018 | Lair:1   | Noticed an eight-headed hydra
 12031 | Lair:1   | Killed an eight-headed hydra
 12031 | Lair:1   | Reached skill level 10 in Unarmed Combat
 12254 | Lair:1   | Noticed Nergalle
 12255 | Lair:1   | Killed Nergalle
 12396 | Lair:1   | Gained mutation: Your thick and shaggy fur keeps you warm (AC +3, rC+). [growing up]
 12396 | Lair:1   | Reached XP level 12. HP: 56/59 MP: 23/29
 13184 | Lair:2   | Found a frozen archway.
 13232 | IceCv    | Entered an ice cave
 13612 | IceCv    | Reached skill level 10 in Dodging
 13785 | IceCv    | Reached skill level 11 in Stealth
 13796 | IceCv    | Reached skill level 1 in Invocations
 13946 | IceCv    | Noticed a white draconian
 14187 | IceCv    | Killed a white draconian
 15090 | Lair:3   | Found a staircase to the Swamp.
 15120 | Lair:3   | Reached XP level 13. HP: 64/64 MP: 24/30
 15226 | Lair:3   | Hired Pamufafiop the merfolk for 303 gold.
 15228 | Lair:3   | Drew Focus: Dex increased to 22, Str decreased to 3
 15877 | Lair:4   | Noticed SKei0's ghost (powerful GrBe)
 15928 | Lair:4   | Killed SKei0's ghost
 16011 | Lair:4   | Identified a scroll of acquirement
 16105 | Lair:4   | Found a hole to the Spider Nest.
 17331 | Lair:6   | Found a staircase to the Slime Pits.
 17518 | Lair:6   | Reached skill level 5 in Air Magic
 18577 | Lair:7   | Found a dark tunnel.
 18584 | Volcano  | Entered a volcano
 18745 | Volcano  | Found a bloodstained altar of Trog.
 18761 | Volcano  | Reached skill level 12 in Stealth
 19065 | Lair:7   | Learned a level 2 spell: Stoneskin
 19526 | Lair:8   | Entered Level 8 of the Lair of Beasts
 19535 | Lair:8   | Reached skill level 1 in Transmutations
 19991 | Lair:8   | Reached XP level 14. HP: 55/71 MP: 32/32
 20240 | Lair:8   | Reached skill level 10 in Charms
 21793 | D:12     | Found a glowing silver altar of Zin.
 21921 | D:12     | Killed a centaur warrior
 22661 | D:13     | Found a gate to the Vaults.
 22682 | D:13     | Noticed Erica
 22694 | D:13     | Killed Erica
 22725 | D:13     | Reached skill level 5 in Transmutations
 22746 | D:13     | Reached skill level 5 in Invocations
 22772 | D:13     | Found a labyrinth entrance.
 22801 | Lab      | Entered a labyrinth
 23558 | D:13     | Noticed Nessos
 23571 | D:13     | Killed Nessos
 23615 | D:13     | Learned a level 7 spell: Dragon Form
 23791 | D:14     | Noticed Maud
 23808 | D:14     | Killed Maud
 24148 | D:14     | Noticed Kirke
 24155 | D:14     | Killed Kirke
 24155 | D:14     | Reached skill level 13 in Unarmed Combat
 24405 | D:14     | Noticed Harold
 24421 | D:14     | Killed Harold
 24938 | D:15     | Entered Level 15 of the Dungeon
 25043 | D:15     | Found Tras' Jewellery Shoppe.
 25061 | D:15     | Noticed Frances
 25075 | D:15     | Killed Frances
 25094 | D:15     | Bought an uncursed amulet of regeneration for 360 gold pieces
 25190 | D:15     | Reached XP level 15. HP: 58/75 MP: 22/33
 25498 | D:15     | Found a staircase to the Depths.
 25999 | Orc:1    | Entered Level 1 of the Orcish Mines
 26271 | Orc:2    | Found a roughly hewn altar of Beogh.
 26305 | Orc:2    | Found Plunuyzu's Gadget Shop.
 26936 | Orc:3    | Found a staircase to the Elven Halls.
 27392 | Orc:4    | Entered Level 4 of the Orcish Mines
 27921 | Orc:4    | HP: 3/75 [orc priest/divine providence (10)]
 28632 | Orc:4    | Found Tammerre's General Store.
 28633 | Orc:4    | Found Philul's Jewellery Shop.
 28634 | Orc:4    | Found Twyo's Antique Armour Shop.
 28634 | Orc:4    | Found Xymubboa's Antique Weapon Boutique.
 28650 | Orc:4    | Bought an uncursed amulet of resist corrosion for 280 gold pieces
 29151 | Orc:2    | Bought a lamp of fire for 600 gold pieces
 29151 | Orc:2    | Bought a plain deck of changes for 210 gold pieces
 29151 | Orc:2    | Bought a wand of lightning (9) for 195 gold pieces
 29156 | Orc:2    | Lost mutation: Your muscles are strong. (Str +2) [helix card]
 29158 | Orc:2    | Drew Focus: Dex increased to 23, Str decreased to 2
 29160 | Orc:2    | Hired Syamyras the merfolk for 301 gold.
 29669 | Swamp:1  | Entered Level 1 of the Swamp
 31803 | Swamp:4  | Noticed a thorn hunter
 31819 | Swamp:4  | Killed a thorn hunter
 31879 | Swamp:4  | Noticed a thorn hunter
 31889 | Swamp:4  | Killed a thorn hunter
 31903 | Swamp:4  | Noticed Mara
 31906 | Swamp:4  | Noticed inmateoo's illusion
 31915 | Swamp:4  | Your ally Syamyras died
 31920 | Swamp:4  | Your ally Pamufafiop died
 32046 | Swamp:4  | Reached skill level 14 in Stealth
 32226 | Swamp:4  | Slain by a shambling mangrove
 32227 | Swamp:4  | Reached XP level 14. HP: -4/73 MP: 33/33
 32410 | Spider:1 | Entered Level 1 of the Spider Nest
 32510 | Spider:1 | Reached XP level 15. HP: 77/77 MP: 29/34
 33317 | Spider:1 | Reached skill level 10 in Fighting
 34830 | Spider:3 | Reached skill level 10 in Evocations
 35007 | Spider:4 | Reached skill level 10 in Transmutations
 35380 | Spider:4 | Reached skill level 10 in Spellcasting
 35409 | Spider:4 | Learned a level 6 spell: Hydra Form
 35754 | Spider:5 | Entered Level 5 of the Spider Nest
 36387 | Spider:5 | Reached XP level 16. HP: 73/82 MP: 32/36
 36670 | Spider:5 | HP: 3/106 [emperor scorpion (8)]
 37573 | Spider:5 | Got a gossamer rune of Zot
 37928 | Vaults:1 | Entered Level 1 of the Vaults
 37974 | Vaults:1 | Found Lileog's Food Boutique.
 39162 | Vaults:1 | Reached skill level 15 in Unarmed Combat
 39171 | Vaults:1 | Slain by a vault warden
 39172 | Vaults:1 | Reached XP level 15. HP: -5/100 MP: 27/36
 39207 | Vaults:1 | Reached XP level 16. HP: 82/82 MP: 28/36
 39733 | Vaults:2 | Paralysed by a hornet for 3 turns
 39736 | Vaults:2 | Slain by a hornet
 39737 | Vaults:2 | Reached XP level 15. HP: 0/77 MP: 36/36
 40373 | Swamp:4  | Noticed inmateoo's illusion
 40579 | Swamp:4  | Noticed inmateoo's illusion
 40597 | Swamp:4  | Killed Mara
 40775 | Swamp:5  | Entered Level 5 of the Swamp
 40784 | Swamp:5  | Reached skill level 1 in Earth Magic
 40885 | Swamp:5  | Gained mutation: You can translocate small distances at will. [potion of beneficial mutation]
 41047 | Swamp:5  | HP: 1/100 [eight-headed hydra simulacrum (33)]
 41053 | Swamp:5  | Mangled by a six-headed hydra

Action                   |  1- 3 |  4- 6 |  7- 9 | 10-12 | 13-15 | 16-18 || total
-------------------------+-------+-------+-------+-------+-------+-------++-------
Melee: Unarmed           |    52 |   225 |   403 |  1269 |  2661 |   445 ||  5055
 Cast: Pain              |    17 |    20 |    35 |    19 |       |       ||    91
       Regeneration      |       |    18 |    45 |    99 |   137 |    12 ||   311
       Shroud of Golubri |       |       |       |    31 |    36 |     2 ||    69
       Song of Slaying   |       |       |       |    19 |    14 |     1 ||    34
       Haste             |       |       |       |       |    16 |     1 ||    17
       Deflect Missiles  |       |       |       |       |     6 |     3 ||     9
       Hydra Form        |       |       |       |       |    10 |    21 ||    31
       Stoneskin         |       |       |       |       |     5 |       ||     5
       Dragon Form       |       |       |       |       |     4 |     1 ||     5
Invok: Greater Servant o |       |       |       |       |     2 |       ||     2
 Abil: Breathe Fire      |       |       |       |       |     3 |       ||     3
       End Transformatio |       |       |       |       |       |     2 ||     2
Evoke: Wand              |       |     2 |     1 |    16 |    32 |    15 ||    66
       Deck              |       |       |     2 |       |    19 |       ||    21
       Lamp of fire      |       |       |       |       |     2 |     1 ||     3
  Use: Scroll            |     7 |     6 |     2 |    12 |    29 |     1 ||    57
       Potion            |       |     3 |     1 |     1 |    17 |     5 ||    27
 Stab: Sleeping          |     6 |    12 |    14 |    26 |   125 |    14 ||   197
       Distracted        |       |     1 |     2 |     3 |    34 |     1 ||    41
       Fleeing           |       |       |       |     4 |     3 |       ||     7
       Betrayed ally     |       |       |       |     1 |       |       ||     1
       Invisible         |       |       |       |       |    11 |       ||    11
       Paralysed         |       |       |       |       |     4 |     5 ||     9
       Confused          |       |       |       |       |     1 |       ||     1
  Eat: Chunk             |     3 |    15 |    18 |    34 |    41 |       ||   111
       Pizza             |       |       |       |       |    12 |     1 ||    13
       Royal jelly       |       |       |       |       |     8 |       ||     8
       Beef jerky        |       |       |       |       |     4 |       ||     4
